 Dungeon Crawl Stone Soup version 0.16.1-28-gcc2312f (webtiles) character file.

138 FlaggTheMystic the Magician (level 5, -1/28 HPs)
             Began as a Deep Elf Ice Elementalist on June 4, 2015.
             Slain by a water moccasin (8 damage)
             ... on level 3 of the Dungeon.
             The game lasted 00:15:17 (2852 turns).

FlaggTheMystic the Magician (DEIE)                  Turns: 2852, Time: 00:15:17

Health: -1/28      AC:  4    Str:  5    XL:     5   Next: 1%
Magic:  6/19       EV: 13    Int: 21    God:
Gold:   88         SH:  0    Dex: 15    Spells: 4 memorised, 4 levels left

rFire  . . .     SeeInvis .     (no weapon)
rCold  . . .     Clarity  +     a - +2 robe
rNeg   . . .     SustAb   .     (no shield)
rPois  .         Gourm    .     f - +0 hat
rElec  .         Spirit   .     (no cloak)
rCorr  .         Warding  .     (no gloves)
rMut   .         Stasis   .     (no boots)
MR     .....                    d - amulet of clarity
Stlth  ++........               (no ring)
                                (no ring)

@: lethally poisoned (-1 -> -20), very slightly contaminated, not resistant to
hostile enchantments, unstealthy
A: no striking features
a: no special abilities


You were on level 3 of the Dungeon.
You were not hungry.

You visited 1 branch of the dungeon, and saw 3 of its levels.

You collected 88 gold pieces.

Inventory:

Armour
 a - a +2 robe (worn)
 f - a +0 hat (worn)
Jewellery
 d - an amulet of clarity (around neck)
Scrolls
 h - a scroll of remove curse
 l - a scroll of identify
Potions
 i - a potion of restore abilities {unknown}
Books
 b - a book of Frost

   Spells                             Type                      Level
   a - Freeze                         Ice                          1
   b - Throw Frost                    Conjuration/Ice              2
   c - Ozocubu's Armour               Charms/Ice                   3
   d - Throw Icicle                   Conjuration/Ice              4
   e - Summon Ice Beast               Ice/Summoning                4
   f - Condensation Shield            Ice                          4
Comestibles
 c - a bread ration
 g - 2 meat rations
 j - a beef jerky
 k - a royal jelly


   Skills:
 + Level 2.4 Dodging
 - Level 2.4 Stealth
 + Level 5.2 Spellcasting
 * Level 2.5 Conjurations
 * Level 4.4 Ice Magic


You had 4 spell levels left.
You knew the following spells:

 Your Spells              Type           Power        Failure   Level  Hunger
a - Freeze                Ice            ###.         1%          1    None
b - Throw Frost           Conj/Ice       ###...       4%          2    None
c - Ozocubu's Armour      Chrm/Ice       ##......     14%         3    ##.....
d - Summon Ice Beast      Ice/Summ       ##......     41%         4    ####...


Dungeon Overview and Level Annotations

Branches:
Dungeon (3/15)

Altars:


Message History

Confirm with . or Enter, or press ? or * to list all spells.
You miscast Summon Ice Beast.
Frost covers your body.
You feel sick. The bat closely misses you. The water moccasin bites you!
You feel sick. The bat hits you but does no damage.
You feel sick. The bat barely misses you.
The water moccasin bites you but does no damage.
The bat hits you but does no damage.
You feel sick. The bat closely misses you.
Casting: Summon Ice Beast
Confirm with . or Enter, or press ? or * to list all spells.
You miscast Summon Ice Beast.
Distant voices call out to you!
You feel sick. The water moccasin closely misses you.
The water moccasin bites you!
* * * LOW HITPOINT WARNING * * *
You are lethally poisoned!
The water moccasin poisons you!
* * * LOW HITPOINT WARNING * * *
You feel sick. The water moccasin bites you!
You die...

#.###...........#
####
#.##.#.........##
###..##...########
.............#
.###.###..##.# #.
#.....# ####†##.#
#.......######
#.##.@......).
#.##S##.######
#.#.rb#.#
#####.....#.#
.............#####
#####...........#
#.......###.#
##....### #....#


You could see a water moccasin and a quokka.

Vanquished Creatures
  The ghost of Corruption the Caller, an average TeSu (D:3)
  An adder (D:2)
  5 giant geckos
  An ooze (D:2)
  3 orcs (D:3)
  7 bats
  3 giant cockroaches
  6 hobgoblins
  4 jackals (D:2)
  4 giant newts
  8 goblins
  3 kobolds
  7 rats
53 creatures vanquished.

Notes
Turn   | Place    | Note
--------------------------------------------------------------
     0 | D:1      | FlaggTheMystic, the Deep Elf Ice Elementalist, began the quest for the Orb.
     0 | D:1      | Reached XP level 1. HP: 10/10 MP: 5/5
   212 | D:1      | Reached skill level 4 in Ice Magic
   212 | D:1      | Reached XP level 2. HP: 13/15 MP: 1/8
   286 | D:1      | Learned a level 2 spell: Throw Frost
   750 | D:1      | Reached XP level 3. HP: 19/19 MP: 8/10
  1209 | D:2      | Learned a level 3 spell: Ozocubu's Armour
  2435 | D:3      | Noticed Corruption's ghost (average TeSu)
  2459 | D:3      | Killed Corruption's ghost
  2459 | D:3      | Reached skill level 5 in Spellcasting
  2459 | D:3      | Reached XP level 4. HP: 8/24 MP: 0/17
  2659 | D:3      | Learned a level 4 spell: Summon Ice Beast
  2821 | D:3      | Reached XP level 5. HP: 28/28 MP: 17/19
  2840 | D:3      | Noticed a water moccasin
  2852 | D:3      | Slain by a water moccasin

Action                   |  1- 3 |  4- 6 || total
-------------------------+-------+-------++-------
Melee: Unarmed           |     5 |     1 ||     6
 Cast: Freeze            |    48 |     6 ||    54
       Throw Frost       |    32 |     4 ||    36
  Use: Scroll            |     8 |       ||     8
  Eat: Bread ration      |     1 |     1 ||     2
